AoeStats
← winter is coming

Arena

510167118Analyzed
4v4 RM · 2d ago on Sep 29, 2026· 48m 45s· 8 players
Game mode
Random Map
Map size
Large (8 player)
Population
200
Speed
Normal
Resources
Standard
Victory
Conquest
Starting age
Dark Age
Ending age
Imperial Age
RankedLock teamsTeams togetherTeam positionsShared explorationLock speedFull tech treeHidden civsTurbo modeCheats
Victory
Defeat
🇧🇴 Ethiopians · Bolivia
1067
+13
🇺🇸 Khmer · United States
1015
+16
🇺🇸 Spanish · United States
984
+17
🇺🇸 Romans · United States
981
+17
🇹🇷 Burgundians · Türkiye
1074
-18
🇹🇷 Mongols · Türkiye
1024
-17
🇹🇷 Magyars · Türkiye
966
-14
🇵🇪 Sicilians · Peru
963
-14
EvenEdge
11:16 Feudal Age
13:56 Castle Age
12:24 Double-Bit Axe
12:20 Horse Collar
15:33 Heavy Plow
23:39 Gold Mining
27:00 Stone Mining
27:59 Wheelbarrow
27:17 Town Watch
27:18 Loom
29:31 Bow Saw
30:36 Gold Shaft Mining
35:07 Imperial Age
35:26 Forging
35:21 Scale Barding Armor
35:46 Husbandry
35:57 Bloodlines
36:10 Siege Engineers
37:07 Chemistry
36:14 Double Crossbow
36:35 Conscription
36:50 Heavy Scorpion
42:32 Light Cavalry
43:49 Iron Casting
46:17 Blast Furnace
46:57 Chain Barding Armor
miltiades0490
10:38 Feudal Age
14:15 Castle Age
12:32 Double-Bit Axe
12:28 Horse Collar
17:33 Loom
24:26 Pikeman
25:58 Squires
26:21 Scale Mail Armor
26:12 Fletching
27:00 Bow Saw
27:07 Heavy Plow
31:01 Imperial Age
28:19 Town Watch
28:50 Gold Mining
28:52 Stone Mining
29:34 Forging
31:00 Wheelbarrow
30:48 Masonry
31:33 Halberdier
32:05 Man-at-Arms
33:01 Long Swordsman
34:03 Conscription
34:27 Crop Rotation
35:03 Legionary
37:33 Gold Shaft Mining
37:17 Guilds
38:25 Chain Mail Armor
38:46 Iron Casting
37:48 Capped Ram
41:40 Siege Ram
43:59 Blast Furnace
42:55 Bodkin Arrow
43:33 Architecture
43:48 Comitatenses
46:44 Caravan
47:15 Coinage
49:25 Banking
Pato
11:12 Feudal Age
11:43 Double-Bit Axe
16:46 Castle Age
15:53 Horse Collar
28:51 Wheelbarrow
28:57 Bow Saw
32:59 Imperial Age
30:45 Hand Cart
30:50 Heavy Plow
31:19 Gold Mining
31:19 Stone Mining
32:31 Forging
32:26 Scale Barding Armor
32:36 Bloodlines
33:09 Cavalier
35:59 Conscription
36:02 Paladin
39:22 Iron Casting
39:07 Chain Barding Armor
38:52 Pikeman
41:55 Blast Furnace
40:33 Halberdier
41:00 Gambesons
42:51 Scale Mail Armor
43:27 Plate Barding Armor
44:56 Elite Conquistador
47:01 Elite Skirmisher
47:47 Thumb Ring
EXILS_FERNANDO
9:59 Feudal Age
10:15 Loom
13:57 Fletching
22:37 Padded Archer Armor
33:30 Castle Age
32:01 Double-Bit Axe
44:43 Horse Collar
49:35 Wheelbarrow
winter is coming
6:54 Loom
8:38 Double-Bit Axe
10:44 Feudal Age
9:00 Horse Collar
15:36 Castle Age
14:16 Heavy Plow
18:23 Wheelbarrow
28:40 Imperial Age
27:54 Husbandry
28:01 Scale Barding Armor
28:06 Forging
29:33 Hand Cart
28:51 Light Cavalry
31:05 Chemistry
31:20 Chain Barding Armor
31:22 Gold Mining
31:49 Bow Saw
32:51 Plate Barding Armor
32:41 Cavalier
34:19 Iron Casting
34:39 Paladin
34:58 Hussar
37:30 Gold Shaft Mining
39:24 Two-Man Saw
41:29 Treadmill Crane
42:37 Scale Mail Armor
43:38 Blast Furnace
46:02 Chain Mail Armor
castle.franz06
9:21 Loom
24:44 Feudal Age
34:10 Castle Age
36:27 Double-Bit Axe
37:41 Horse Collar
38:23 Bow Saw
39:31 Heavy Plow
40:10 Town Watch
43:59 Wheelbarrow
48:27 First Crusade
48:11 Scale Mail Armor
48:22 Forging
King of Negev
4:33 Loom
11:14 Feudal Age
11:35 Horse Collar
16:47 Castle Age
15:38 Double-Bit Axe
20:03 Bow Saw
21:11 Gold Mining
21:13 Stone Mining
21:46 Heavy Plow
23:40 Town Watch
24:35 Wheelbarrow
32:30 Imperial Age
30:27 Hand Cart
31:21 Corvinian Army
32:35 Gold Shaft Mining
32:12 Scale Barding Armor
34:05 Chain Barding Armor
34:15 Bloodlines
34:05 Husbandry
35:39 Two-Man Saw
35:11 Crop Rotation
36:03 Plate Barding Armor
35:20 Fletching
35:30 Padded Archer Armor
36:13 Parthian Tactics
35:54 Thumb Ring
35:56 Heavy Cavalry Archer
37:29 Ballistics
38:10 Chemistry
37:16 Siege Engineers
37:10 Bodkin Arrow
38:36 Bracer
39:00 Leather Archer Armor
39:34 Elite Magyar Huszar
42:38 Ring Archer Armor
42:28 Recurve Bow
43:05 Hoardings
46:57 Scale Mail Armor
Akıncı
10:26 Feudal Age
12:21 Double-Bit Axe
14:40 Castle Age
13:10 Horse Collar
14:00 Loom
14:56 Wheelbarrow
15:59 Loom
18:00 Fletching
18:15 Gold Mining
21:54 Bodkin Arrow
23:56 Padded Archer Armor
25:01 Leather Archer Armor
32:37 Imperial Age
31:32 Bow Saw
33:13 Scale Barding Armor
34:37 Heavy Plow
37:57 Bracer
41:48 Chain Barding Armor
41:50 Light Cavalry
42:41 Bloodlines
42:31 Husbandry
43:19 Forging
43:41 Conscription
44:51 Iron Casting
44:40 Siege Engineers
45:20 Hand Cart
46:35 Chemistry
46:07 Onager
47:35 Gold Shaft Mining
46:25 Hussar
47:31 Drill
47:53 Elite Mangudai
Connection lost

Rejoining the realm…

Still unreachable

The connection could not be restored.

Session expired

The server has moved on; the page needs a fresh start.